 Dungeon Crawl Stone Soup version 0.27-a0-906-g0a00ce863d (webtiles) character file.

Game seed: 5726358565931638440

67 Chiseanne the Magician (level 4, 30/30 HPs)
             Began as a Demonspawn Hedge Wizard on Apr 7, 2021.
             Quit the game on level 2 of the Dungeon.
             The game lasted 00:02:46 (2755 turns).

Chiseanne the Magician (Demonspawn Hedge Wizard)    Turns: 2755, Time: 00:02:47

Health: 30/30      AC:  3    Str: 11    XL:     4   Next: 0%
Magic:  6/9        EV: 12    Int: 16    God:
Gold:   104        SH:  0    Dex: 12    Spells: 9/10 levels left

rFire    . . .     SeeInvis .   a - +0 rapier
rCold    . . .     Faith    .   (no shield)
rNeg     . . .     Spirit   .   b - +0 robe
rPois    .         Reflect  .   (helmet restricted)
rElec    .         Harm     .   (no cloak)
rCorr    .         Rampage  .   i - +0 pair of gloves
Will     .....                  (no boots)
Stlth    ++........             (no amulet)
HPRegen  0.10/turn              (no ring)
MPRegen  0.11/turn              (no ring)

@: no status effects
A: antennae 1, spiny 1
a: no special abilities


You were on level 2 of the Dungeon.
You visited 1 branch of the dungeon, and saw 2 of its levels.

You collected 104 gold pieces.

Inventory:

Hand Weapons
 a - a +0 rapier (weapon)
Missiles
 c - 6 boomerangs
 e - 16 sling bullets
 j - 21 bolts
Armour
 b - a +0 robe (worn)
 g - a +0 helmet
 i - a +0 pair of gloves (worn)
Magical Staves
 d - a staff of earth
Jewellery
 h - a ring of ice
Potions
 f - a potion of degeneration {unknown}
 k - a potion of brilliance {unknown}


   Skills:
 - Level 1.7 Dodging
 - Level 1.7 Stealth
 * Level 3.9 Spellcasting
 * Level 2.8 Conjurations
 - Level 1.0 Summonings
 - Level 0.8 Translocations


You had 9 spell levels left.
You knew the following spells:

 Your Spells              Type           Power      Damage    Failure   Level
a - Magic Dart            Conj           48%        1d5       5%          1

Your spell library contained the following spells:

 Spells                   Type           Power      Damage    Failure   Level
 Call Imp                 Summ           6%         N/A       17%         2
 Blink                    Tloc           N/A        N/A       19%         2
 Slow                     Hex            3%         N/A       26%         2
 Conjure Flame            Conj/Fire      7%         6-21      28%         3
 Mephitic Cloud           Conj/Pois/Air  6%         N/A       34%         3


Dungeon Overview and Level Annotations

Branches:
Dungeon (2/15)

Altars:


Innate Abilities, Weirdness & Mutations

You have a pair of small antennae on your head.
You are partially covered in sharp spines.


Message History

Confirm with . or Enter, or press ? or * to list all spells.
Aiming: Magic Dart (safe; 5% risk of failure)
Press: ? - help, Shift-Dir - straight line, f - ball python
Aim: a ball python (0% to evade)
The magic dart hits the ball python.
You kill the ball python!
Casting: Magic Dart (safe; 5% risk of failure)
Confirm with . or Enter, or press ? or * to list all spells.
Aiming: Magic Dart (safe; 5% risk of failure)
Press: ? - help, Shift-Dir - straight line, f - you That beam is likely to hit you.
Continue anyway? [Y]es or [N]o only, please.
That beam is likely to hit you.
Continue anyway? [Y]es or [N]o only, please.
That beam is likely to hit you.
Continue anyway?
Okay, then.
k - a sedimented cyan potion You see here a rat corpse.
An endoplasm comes into view.
The endoplasm quivers.
Casting: Magic Dart (safe; 5% risk of failure)
Confirm with . or Enter, or press ? or * to list all spells.
Aiming: Magic Dart (safe; 5% risk of failure)
Press: ? - help, Shift-Dir - straight line, f - endoplasm
Aim: an endoplasm (0% to evade)
The magic dart hits the endoplasm.
The endoplasm is heavily wounded.
The endoplasm is struck by your spines. The endoplasm closely misses you.
Casting: Magic Dart (safe; 5% risk of failure)
Confirm with . or Enter, or press ? or * to list all spells.
Aiming: Magic Dart (safe; 5% risk of failure)
Press: ? - help, Shift-Dir - straight line, f/p - endoplasm
Aim: an endoplasm (severely wounded, 0% to evade)
The magic dart hits the endoplasm.
You kill the endoplasm!
You have reached level 4!
You feel stronger.
Your demonic ancestry asserts itself...
A pair of antennae grows on your head!
Your +0 helmet falls away!
Are you sure you want to abandon this character and quit the game? (Confirm with "yes".)

#.#########.# #.#
#.# #.# #.# #.#
#.# #.# #.# #.#
#.# #.# #.# #.#
#†# #@#
#######.######
#>.....?..........
#.................
###########.######
#.# #.# #.# #.#
#..


There were no monsters in sight!

Vanquished Creatures
  Robin (D:2)
  2 adders (D:2)
  4 ball pythons
  2 endoplasms
  7 hobgoblins
  6 jackals (D:1)
  2 quokkas (D:2)
  2 bats
  4 goblins (D:2)
  4 rats
34 creatures vanquished.

Notes
Turn   | Place    | Note
-------+----------+-------------------------------------------
     0 | D:1      | Chiseanne the Demonspawn Hedge Wizard began the quest for
                  | the Orb.
     0 | D:1      | Reached XP level 1. HP: 13/13 MP: 4/4
   647 | D:1      | Gained mutation: You are partially covered in sharp spines.
                  | [demonic ancestry]
   647 | D:1      | Reached XP level 2. HP: 15/19 MP: 1/6
  1694 | D:2      | Reached XP level 3. HP: 24/24 MP: 2/8
  1823 | D:2      | Noticed Robin
  1846 | D:2      | Killed Robin
  2755 | D:2      | Gained mutation: You have a pair of small antennae on your
                  | head. [demonic ancestry]
  2755 | D:2      | Reached XP level 4. HP: 30/30 MP: 6/9
  2755 | D:2      | Quit the game

Illustrated notes

Levels and vault maps discovered:
D:1:      heliophobic_arrival_battle_scene, layout_basic,
          amcnicky_mini_pool_small, minivault_24
D:2:      layout_basic, uniq_robin

Skill      XL: |  1  2 |
---------------+-------+-----
Conjurations   | 2 |  2.8
Dodging        | |  1.7
Stealth        | |  1.7
Spellcasting   | |  3.9
Summonings     | |  1.0
Translocations | |  0.8

Action                   |  1- 3 |  4- 6 || total
-------------------------+-------+-------++-------
Melee: Dagger            |    41 |       ||    41
 Cast: Magic Dart        |    58 |       ||    58
  Use: Scroll            |     4 |       ||     4
 Stab: Sleeping          |     1 |       ||     1
Armor: Robe              |     8 |       ||     8
Dodge: Dodged            |    36 |       ||    36

Table legend: (Time is in decaauts)
 A = Elapsed time spent in this place.
 B = Non-inter-level travel time spent in this place.
 C = Inter-level travel time spent in this place.
 D = Time resting spent in this place.
 E = Time spent auto-exploring this place.
 F = Levels seen in this place.
 G = Mean time per level.
                   A        B        C        D        E       F      G
               +--------+--------+--------+--------+--------+-----+--------+
         Total |   2754 |   2613 |    141 |    906 |   1412 |   2 | 1377.0 |
       Dungeon |   2754 |   2613 |    141 |    906 |   1412 |   2 | 1377.0 |
               +--------+--------+--------+--------+--------+-----+--------+

Top non-repeatable levels by time:
     D:1: 1666 daAuts
     D:2: 1088 daAuts
